 Dungeon Crawl Stone Soup version 0.30-b1-2-g02819fbbbe (webtiles) character file.

Game seed: 729530352263473000

149 Gebura the Insei (level 5, -1/34 HPs)
             Began as an Octopode Transmuter on July 21, 2023.
             Killed from afar by an orc wizard (12 damage)
             ... with a puff of flame
             ... on level 3 of the Dungeon.
             The game lasted 00:14:00 (2896 turns).

Gebura the Insei (Octopode Transmuter)              Turns: 2896, Time: 00:14:04

Health: -1/34      AC:  2    Str: 10    XL:     5   Next: 31%
Magic:  4/8        EV: 13    Int: 17    God:
Gold:   165        SH:  0    Dex: 12    Spells: 2/8 levels left

rFire   . . .        b - +1 dagger (venom)
rCold   . . .        (no shield)
rNeg    . . .        h - +1 hat
rPois   .            (no amulet)
rElec   .            (no ring)
rCorr   .            (no ring)
SInv    .            (no ring)
Will    .....        (no ring)
Stlth   ++           (no ring)
HPRegen 0.25/turn    (no ring)
MPRegen 0.11/turn    (no ring)
                     (no ring)

%: no passive effects
@: brilliant, wereblooded
A: almost no armour, amphibious, 8 rings, camouflage 1, gelatinous body 1,
(nimble swimmer 1), tentacles
a: no special abilities


You were on level 3 of the Dungeon.
You visited 1 branch of the dungeon, and saw 3 of its levels.

You collected 165 gold pieces.

Inventory:

Hand Weapons
 b - a +1 dagger of venom (weapon)
 o - a +3 dagger of electrocution
Armour
 h - a +1 hat (worn)
Jewellery
 d - a +6 ring of intelligence
Scrolls
 e - 3 scrolls of fog {unknown}
 g - 2 scrolls of identify {unknown}
 i - 4 scrolls of blinking
 j - 4 scrolls of teleportation
 k - 3 scrolls of vulnerability {unknown}
 n - a scroll of acquirement {unknown}
Potions
 f - a potion of magic {unknown}
 l - a potion of invisibility {unknown}
 m - a potion of berserk rage {unknown}


   Skills:
 + Level 2.0 Fighting
 - Level 1.0 Short Blades
 + Level 2.8 Dodging
 - Level 0.8 Stealth
 + Level 3.8 Unarmed Combat
 - Level 2.2 Spellcasting
 + Level 2.8 Transmutations
 + Level 1.5 Poison Magic


You had 2 spell levels left.
You knew the following spells:

 Your Spells              Type           Power      Damage    Failure   Level
a - Beastly Appendage     Tmut           34%        N/A       6%          1
b - Wereblood             Tmut           17%        N/A       9%          2
c - Spider Form           Tmut/Pois      14%        N/A       22%         3

Your spell library contained the following spells:

 Spells                   Type           Power      Damage    Failure   Level
 Apportation              Tloc           4%         N/A       19%         1
 Necrotise                Necr           8%         1d4       19%         1
 Vampiric Draining        Necr           2%         2d6       50%         3
 Olgreb's Toxic Radiance  Pois           10%        N/A       69%         4
 Ice Form                 Ice/Tmut       10%        N/A       71%         4
 Alistair's Intoxication  Tmut/Pois      9%         N/A       91%         5
 Agony                    Necr           2%         N/A       99%         5
 Discord                  Hex            1%         N/A       100%        8
 Ignition                 Fire           1%         3d3       100%        8


Dungeon Overview and Level Annotations

Branches:
Dungeon (3/15)

Altars:
Nemelex Xobeh
Trog

Shops:
D:1 ?

Annotations:
D:2 exclusions: adder and downstairs
D:3 exclusion: orc wizard


Innate Abilities, Weirdness & Mutations

You cannot wear most types of armour.
You are amphibious.
You can wear up to eight rings at the same time.
Your skin changes colour to match your surroundings (Stealth+).
Your rubbery body absorbs attacks. (AC +1, EV +1)
((You are camouflaged when in or above water. (Stealth+)))
You have tentacles for arms and can constrict up to eight enemies at once.


Message History

You hear some strange, mumbled words.
A magic dart appears from out of thin air!
The magic dart hits you.
You hear some strange, mumbled words.
A magic dart appears from out of thin air!
The magic dart hits you. Something hits you but does no damage.
You closely miss something. Something hits you but does no damage.
You hear some strange, mumbled words.
A magic dart appears from out of thin air!
The magic dart hits you. Something hits you but does no damage.
You miss something.
Something hits you but does no damage. x3
You miss something.
You hear some strange, mumbled words.
A puff of flame appears from out of thin air!
The puff of flame hits you!
You hear some strange, mumbled words.
A puff of flame appears from out of thin air!
The puff of flame hits you but does no damage.
Something hits you but does no damage.
As you read the scroll labelled WUJETY QOOF, it crumbles to dust.
You cannot blink because you are held in place by your roots.
It was a scroll of blinking.
Something hits you.
Something hits you but does no damage. x2
Okay, then.
As you read the scroll labelled VOBLAL GAU, it crumbles to dust.
You feel a strange sense of stasis.
It was a scroll of teleportation.
You feel a bit better.
Reactivating autopickup.
You feel a bit more experienced. Something hits you but does no damage.
Deactivating autopickup; reactivate with Ctrl-A.
Something hits you.
Your Fighting skill increases to level 2!
Okay, then.
You miss something.
You feel less wooden.
Your +1 hat unmelds from your body.
Something hits you.
You hear some strange, mumbled words.
A puff of flame appears from out of thin air!
The puff of flame hits you!
You die...

#.#..##.......##...####.....
#.##....>.....##.#..##......
#..................)[.......
####............#..##.......#
##...........................#
##..###.........<.....#...##..#
#...# #.##........##......##.##
#.#'###+#...)#){.....#.....#...
#†#.....#....#@{.#......#......
#.#.###.#....###...............
#.#.....#....##...............#
#.+.._..'...o#.................
###.....#......................
#.###.#....#.................
#.....#....#...............#.
#+###+#....# ..............#.
#.......# ..... ..........


There were no monsters in sight!

Vanquished Creatures
  An orc priest (D:3)
  2 orc wizards (D:3)
  An adder (D:3)
  A worm (D:2)
  A dart slug (D:3)
  4 orcs
  6 endoplasms
  A giant cockroach (D:2)
  6 goblins
  9 hobgoblins
  3 jackals (D:1)
  7 ball pythons
  3 bats
  3 frilled lizards
  7 kobolds
  4 rats
59 creatures vanquished.

Notes
Turn   | Place    | Note
-------+----------+-------------------------------------------
     0 | D:1      | Gebura the Octopode Transmuter began the quest for the Orb.
     0 | D:1      | Reached XP level 1. HP: 13/13 MP: 3/3
   367 | D:1      | Reached XP level 2. HP: 14/18 MP: 5/5
   487 | D:1      | Found The Oracle's Delphic Readings.
   517 | D:1      | Learned a level 2 spell: Wereblood
   785 | D:1      | Reached XP level 3. HP: 23/23 MP: 2/6
  1521 | D:2      | Reached skill level 1 in Short Blades
  1795 | D:2      | Learned a level 3 spell: Spider Form
  2160 | D:3      | Found a bloodstained altar of Trog.
  2216 | D:3      | Reached XP level 4. HP: 26/28 MP: 3/7
  2732 | D:3      | Reached skill level 1 in Poison Magic
  2822 | D:3      | Found a sparkling altar of Nemelex Xobeh.
  2883 | D:3      | Reached XP level 5. HP: 34/34 MP: 2/8
  2896 | D:3      | Killed from afar by an orc wizard

Illustrated notes

Levels and vault maps discovered:
D:1:      nzn_arrival_water_spiral, layout_loops_corners,
          nicolae_nh_oracle_at_delphi
D:2:      layout_rooms, serial_co_window_serial, co_window_corner_a,
          co_window_paths_b, co_window_paths_a, co_window_paths_a,
          co_window_paths_b, co_window_paths_a, co_window_paths_b,
          co_window_broadway_a, co_window_2corner, co_window_broadway_c,
          co_window_broadway_c, co_window_2corner, mrwooster_statue_mirror
D:3:      layout_rooms, trog_three_pillars_becter,
          mainiacjoe_overflow_six_doors_small

Skill      XL: |  1  2  3  4  5 |
---------------+----------------+-----
Short Blades   | 1 |  1.0
Poison Magic   | 1 |  1.5
Fighting       | 2 |  2.0
Dodging        | |  2.8
Stealth        | |  0.8
Unarmed Combat | |  3.8
Spellcasting   | |  2.2
Transmutations | |  2.8

Action                     |  1- 3 |  4- 6 || total
---------------------------+-------+-------++-------
  Melee: Dagger            |    85 |    45 ||   130
         Tentacles         |    14 |     2 ||    16
         Constrict         |    22 |     8 ||    30
         Punch             |     3 |     2 ||     5
         Kick              |     5 |       ||     5
         Unarmed           |     3 |    11 ||    14
   Cast: Wereblood         |     5 |     3 ||     8
         Beastly Appendage |     5 |     2 ||     7
         Spider Form       |     1 |     2 ||     3
    Use: Potion            |       |     2 ||     2
         Scroll            |       |     2 ||     2
   Stab: Sleeping          |     7 |     2 ||     9
         Distracted        |     1 |       ||     1
 Armour: Skin              |     6 |    77 ||    83
  Dodge: Dodged            |    53 |    25 ||    78
